 Dungeon Crawl Stone Soup version 0.27-a0-3-gcf006a40f5 (webtiles) character file.

Game seed: 11118629554871987900

322 voltaire321 the Sneak (level 6, -2/32 HPs)
             Began as a Kobold Enchanter on Jan 1, 2021.
             Slain by a killer bee zombie (5 damage)
             ... on level 3 of the Dungeon on Jan 2, 2021.
             The game lasted 00:16:12 (4756 turns).

voltaire321 the Sneak (Kobold Enchanter)            Turns: 4756, Time: 00:16:12

Health: -2/32      AC:  4    Str:  7    XL:     6   Next: 76%
Magic:  10/11      EV: 16    Int: 17    God:
Gold:   111        SH:  0    Dex: 15    Spells: 6/11 levels left

rFire    . . .     SeeInvis .   q - +0 dagger (venom)
rCold    . . .     Faith    .   (shield restricted)
rNeg     . . .     Spirit   .   b - +0 robe
rPois    .         Reflect  .   (no helmet)
rElec    .         Harm     .   e - +0 cloak
rCorr    .         Rampage  .   (no gloves)
Will     .....                  k - +0 pair of boots
Stlth    ++++......             (no amulet)
HPRegen  0.10/turn              (no ring)
MPRegen  0.12/turn              (no ring)

@: no status effects
A: small, nightstalker 3
a: no special abilities


You were on level 3 of the Dungeon.
You visited 1 branch of the dungeon, and saw 3 of its levels.
You also visited: Sewer.

You collected 111 gold pieces.

Inventory:

Hand Weapons
 a - a +1 dagger
 l - a +0 rapier
 m - a +3 short sword
 q - a +0 dagger of venom (weapon)
Missiles
 r - 23 poisoned darts
Armour
 b - a +0 robe (worn)
 e - a +0 cloak (worn)
 k - a +0 pair of boots (worn)
Wands
 s - a wand of flame (7)
Scrolls
 c - 2 scrolls of identify
 d - a scroll of remove curse {unknown}
 h - a scroll of blinking {unknown}
 i - 4 scrolls of fear {unknown}
 j - a scroll of amnesia {unknown}
 o - 5 scrolls of teleportation {unknown}
 u - a scroll of enchant weapon {unknown}
Potions
 f - 2 potions of curing
 g - 4 potions of heal wounds {unknown}
 n - a potion of magic {unknown}
 p - 2 potions of flight {unknown}
 t - a potion of degeneration {unknown}


   Skills:
 + Level 0.0 Fighting
 + Level 3.6 Short Blades
 + Level 3.9 Dodging
 + Level 5.3 Stealth
 + Level 3.4 Spellcasting
 + Level 3.9 Hexes
 + Level 0.1 Summonings
 + Level 2.0 Ice Magic


You had 6 spell levels left.
You knew the following spells:

 Your Spells              Type           Power        Failure   Level
a - Corona                Hex            17%          3%          1
b - Ensorcelled Hibernat  Hex/Ice        26%          8%          2
c - Call Imp              Summ           3%           24%         2

Your spell library contained the following spells:

 Spells                   Type           Power        Failure   Level
 Slow                     Hex            16%          4%          2
 Confusing Touch          Hex            16%          10%         3
 Tukima's Dance           Hex            16%          10%         3
 Magic Dart               Conj           8%           17%         1
 Dazzling Flash           Conj/Hex       18%          22%         3
 Blink                    Tloc           N/A          26%         2
 Conjure Flame            Conj/Fire      2%           45%         3
 Mephitic Cloud           Conj/Pois/Air  2%           45%         3


Dungeon Overview and Level Annotations

Branches:
Dungeon (3/15)              Sewer (visited)

Altars:
Sif Muna
Uskayaw


Innate Abilities, Weirdness & Mutations

You are small and have problems with some larger weapons.
You are completely attuned to the shadows.


Message History

Aiming: Corona (safe; 3% risk of failure)
Press: ? - help, Shift-Dir - straight line, f/p - killer bee zombie
Aim: a killer bee zombie (severely damaged, chance to affect: 67%)
The killer bee zombie is outlined in light.
The killer bee zombie misses you.
The killer bee zombie barely misses you.
You completely miss the killer bee zombie.
The killer bee zombie is severely damaged.
The killer bee zombie completely misses you.
The killer bee zombie closely misses you.
You hit the killer bee zombie.
The killer bee zombie is almost destroyed.
The killer bee zombie hits you!
* * * LOW HITPOINT WARNING * * *
You hit the killer bee zombie.
The killer bee zombie is almost destroyed.
The killer bee zombie hits you.
* * * LOW HITPOINT WARNING * * *
The killer bee zombie hits you.
You die...

..................
.####.####.........
>..........#####.##
.####.####.#####.#
# #.............#
#. #..####.#####.#
#.###..# #.## #.#
#..Z#..####..# #.##
#@#........# #...
#.#.#####..## ####
#.#.#####...# #.
#.#†##....#.## #.
#.#.##.####..# #.
#.#.##.# ##.# #.
#.#.##.# #.# #.
#.#.##.# #.# #.
#.#.##.# #.# #.


You could see a killer bee zombie (corona).

Vanquished Creatures
  A big kobold (Sewer)
  2 electric eels (D:3)
  9 adders
  2 oozes
  2 worms
  3 dart slugs (D:1)
  A leopard gecko (D:1)
  5 giant cockroaches
  4 goblins
  7 hobgoblins
  3 jackals (D:1)
  2 quokkas (D:2)
  10 ball pythons
  9 bats
  4 frilled lizards
  15 kobolds
  10 rats
89 creatures vanquished.

Vanquished Creatures (others)
  2 plants (D:3)
2 creatures vanquished.

Grand Total: 91 creatures vanquished

Notes
Turn   | Place    | Note
-------+----------+-------------------------------------------
     0 | D:1      | voltaire321 the Kobold Enchanter began the quest for the
                  | Orb.
     0 | D:1      | Reached XP level 1. HP: 10/10 MP: 3/3
    93 | D:1      | Reached XP level 2. HP: 15/15 MP: 5/5
    96 | D:1      | Learned a level 2 spell: Ensorcelled Hibernation
   608 | D:1      | Reached XP level 3. HP: 2/19 MP: 0/6
  1843 | D:2      | Reached XP level 4. HP: 24/24 MP: 4/7
  1853 | D:2      | Reached skill level 1 in Ice Magic
  2457 | D:2      | Found a shimmering blue altar of Sif Muna.
  2457 | D:2      | Found a hide-covered altar of Uskayaw.
  2663 | D:2      | Found a faded altar of an unknown god.
  2832 | D:3      | Found a glowing drain.
  2848 | D:3      | Reached XP level 5. HP: 28/28 MP: 3/9
  2920 | Sewer    | Entered a sewer
  3097 | Sewer    | Noticed a big kobold
  3105 | Sewer    | Killed a big kobold
  3106 | Sewer    | Reached skill level 5 in Stealth
  3106 | Sewer    | Reached XP level 6. HP: 29/32 MP: 7/10
  4157 | D:3      | Found a transporter.
  4164 | D:3      | Found a transporter.
  4231 | D:3      | Learned a level 2 spell: Call Imp
  4756 | D:3      | Slain by a killer bee zombie

Illustrated notes

Levels and vault maps discovered:
D:1:      dpeg_arrival_rhombi, layout_basic, amcnicky_mini_pool_small,
          chequers_avenue
D:2:      layout_basic, gammafunk_temple_overflow_statue,
          chequers_ecumenical_altar_island, corexii_hall_statues_t,
          minmay_small_reverse_x
D:3:      gammafunk_steamed_eel, layout_basic, portal_sewer_entry_a,
          serial_forest, infiniplex_forest_clump_small,
          infiniplex_forest_clump_cross, infiniplex_forest_straight_5,
          infiniplex_forest_lined_2, infiniplex_forest_corner_2,
          infiniplex_forest_end_1, infiniplex_forest_lined_corner

Skill      XL: |  1  2  3  4  5  6 |
---------------+-------------------+-----
Short Blades   | 2 3 |  3.6
Dodging        | 3 |  3.9
Ice Magic      | 1 2 |  2.0
Stealth        | 5 |  5.3
Spellcasting   | 3 |  3.4
Hexes          | |  3.9
Summonings     | |  0.1

Action                   |  1- 3 |  4- 6 || total
-------------------------+-------+-------++-------
Melee: Dagger            |    80 |   137 ||   217
 Cast: Corona            |     4 |     2 ||     6
       Ensorcelled Hiber |    15 |    49 ||    64
Evoke: Wand              |       |     2 ||     2
  Use: Scroll            |     1 |       ||     1
 Stab: Sleeping          |    20 |    44 ||    64
Armor: Robe              |    15 |    22 ||    37
Dodge: Dodged            |    70 |   140 ||   210

Table legend: (Time is in decaauts)
 A = Elapsed time spent in this place.
 B = Non-inter-level travel time spent in this place.
 C = Inter-level travel time spent in this place.
 D = Time resting spent in this place.
 E = Time spent auto-exploring this place.
 F = Levels seen in this place.
 G = Mean time per level.
                   A        B        C        D        E       F      G
               +--------+--------+--------+--------+--------+-----+--------+
         Total |   4838 |   4838 |      0 |   1537 |   2284 |   4 | 1209.5 |
       Dungeon |   3659 |   3659 |      0 |    969 |   1946 |   3 | 1219.7 |
         Sewer |   1178 |   1178 |      0 |    568 |    338 |   1 | 1178.0 |
               +--------+--------+--------+--------+--------+-----+--------+

Top non-repeatable levels by time:
     D:1: 1724 daAuts
   Sewer: 1178 daAuts
     D:2: 1068 daAuts
     D:3: 867 daAuts
